 Dungeon Crawl Stone Soup version 0.22-a0-247-gbddf880 (webtiles) character file.

13 scalemaster2 the Skirmisher (level 2, -1/26 HPs)
             Began as a Draconian Berserker on Feb 23, 2018.
             Was a Follower of Trog.
             Slain by eomystic's ghost (10 damage)
             ... on level 3 of the Dungeon.
             The game lasted 00:02:35 (259 turns).

scalemaster2 the Skirmisher (Draconian Berserker)    Turns: 259, Time: 00:02:35

Health: -1/26      AC:  4    Str: 19    XL:     2   Next: 24%
Magic:  2/2        EV: 12    Int:  7    God:    Trog [*.....]
Gold:   47         SH:  0    Dex: 10    Spells: 1/1 levels left

rFire    . . .     SeeInvis .   a - +0 falchion
rCold    . . .     Gourm    .   (no shield)
rNeg     . . .     Faith    .   (armour unavailable)
rPois    .         Spirit   .   (helmet restricted)
rElec    .         Reflect  .   (no cloak)
rCorr    .         Harm     .   (no gloves)
MR       .....                  (no boots)
Stlth    +.........             (no amulet)
HPRegen  0.08/turn              (no ring)
MPRegen  0.08/turn              (no ring)

@: no status effects
A: unfitting armour, cold-blooded, AC +4
a: Berserk, Renounce Religion


You were on level 3 of the Dungeon.
You worshipped Trog.
Trog was aware of your devotion.
You were not hungry.

You visited 1 branch of the dungeon, and saw 3 of its levels.

You collected 47 gold pieces.

Inventory:

Hand Weapons
 a - a +0 falchion (weapon)
Armour
 c - a +0 ring mail
Scrolls
 e - a scroll of remove curse {unknown}
Potions
 d - a potion of heal wounds {unknown}
Comestibles
 b - a ration


   Skills:
 + Level 3.5 Fighting
 + Level 3.2 Long Blades
 + Level 2.9 Dodging


You had one spell level left.
You didn't know any spells.

Dungeon Overview and Level Annotations

Branches:
Dungeon (3/15)

Altars:

Annotations:
D:3 eomystic's ghost, amateur DsGl


Innate Abilities, Weirdness & Mutations

Your plain brown scales are hard. (AC +4)
You cannot fit into any form of body armour.
You are cold-blooded and may be slowed by cold attacks.


Message History

t - Shout!
Orders for allies: a - Attack new target. r - Retreat! s - Stop attacking. g - Guard the area. f - Follow me.
Anything else - Cancel.
Okay, then.
c - a ring mail
Okay, then.
Eomystic's ghost (amateur Demonspawn Gladiator) comes into view.
A kobold comes into view.
It is wielding a short sword of electrocution.
The kobold shouts!
The kobold moves out of view.
Eomystic's ghost turns its malevolent gaze towards you.
A rat comes into view.
Your wings, even vestigial as they are, won't fit in that.
A giant cockroach comes into view.
Eomystic's ghost barely misses you.
You hit eomystic's ghost but do no damage.
Eomystic's ghost hits you!
You die...

#.......#
#.####..# #....#
#.#.## # #.#.# ..
#. . #.#
....#.######.#
.....s.......####
.... .#W@.......#
r... #.........#
#..#.........#
#............#
#.#..........# #
#♣.P≈......+
♣P.≈≈♣.....#
P≈≈.P≈≈≈...##
≈≈≈≈.≈P≈♣.#.#


You could see eomystic's ghost and a giant cockroach.

Vanquished Creatures
  A worm (D:2)
  2 giant cockroaches
  A goblin (D:2)
  2 hobgoblins (D:1)
  A kobold (D:2)
  A frilled lizard (D:2)
  A rat (D:2)
9 creatures vanquished.

Notes
Turn   | Place    | Note
-------+----------+-------------------------------------------
     0 | D:1      | scalemaster2 the Draconian Berserker began the quest for the Orb.
     0 | D:1      | Reached XP level 1. HP: 19/19 MP: 1/1
   197 | D:2      | Reached XP level 2. HP: 5/26 MP: 2/2
   254 | D:3      | Noticed eomystic's ghost (amateur DsGl)
   259 | D:3      | Slain by eomystic's ghost

Vault maps used:
D:1:      dpeg_arrival_solitude
D:2:      nicolae_overflow_crystal_walls
D:3:      serial_bayou_lagoon_b

Action                   || total
-------------------------++-------
Melee: Falchion          ||    36
       Tailslap          ||     7
  Use: Scroll            ||     3
Armor: Skin              ||    10
Dodge: Dodged            ||    26
       Rpst.: Falchion   ||     9

Table legend:
 A = Spawn XP
 B = Non-spawn XP
 C = Spawn XP percentage of total XP
 D = Spawn monster count
 E = Non-spawn monster count
 F = Spawn count percentage of total count
 G = Total turns spent on level
                    A         B        C        D         E        F      G
               +---------+---------+-------+---------+---------+-------+---------
         Total |       0 |      19 |   0.0 |       0 |       9 |   0.0 |   259
               +---------+---------+-------+---------+---------+-------+---------
           D:1 |       0 |       4 |   0.0 |       0 |       2 |   0.0 |   136
           D:2 |       0 |      13 |   0.0 |       0 |       6 |   0.0 |    87
           D:3 |       0 |       2 |   0.0 |       0 |       1 |   0.0 |    36
               +---------+---------+-------+---------+---------+-------+---------
